 Dungeon Crawl Stone Soup version 0.25-a0-424-g80bd347ae0 (webtiles) character file.

Game seed: 2829462379754848286, levelgen mode: deterministic

42 Alfie the Shooter (level 3, -1/27 HPs)
             Began as a Human Hunter on Jan 21, 2020.
             Slain by Sigmund
             ... wielding a +0 scythe
              (9 damage)
             ... on level 2 of the Dungeon.
             The game lasted 00:04:11 (807 turns).

Alfie the Shooter (Human Hunter)                     Turns: 807, Time: 00:04:11

Health: -1/27      AC:  3    Str: 13    XL:     3   Next: 77%
Magic:  3/3        EV: 12    Int: 16    God:
Gold:   40         SH:  0    Dex: 13    Spells: 2/2 levels left

rFire    . . .     SeeInvis .   b - +0 short sword
rCold    . . .     Gourm    .   (no shield)
rNeg     . . .     Faith    .   c - +0 leather armour
rPois    .         Spirit   .   (no helmet)
rElec    .         Reflect  .   (no cloak)
rCorr    .         Harm     .   (no gloves)
MR       .....                  (no boots)
Stlth    +.........             (no amulet)
HPRegen  0.09/turn              (no ring)
MPRegen  0.08/turn              (no ring)

@: confused, brilliant
A: no striking features
a: no special abilities


You were on level 2 of the Dungeon.
You were not hungry.

You visited 1 branch of the dungeon, and saw 2 of its levels.

You collected 40 gold pieces.

Inventory:

Hand Weapons
 a - a +1 shortbow
 b - a +0 short sword (weapon)
Missiles
 d - 54 arrows
Armour
 c - a +0 leather armour (worn)
Scrolls
 h - a scroll of blinking {unknown}
 i - 2 scrolls of random uselessness {unknown}
 j - a scroll of remove curse {unknown}
Comestibles
 f - 3 rations


   Skills:
 + Level 2.2 Fighting
 + Level 5.0 Bows
 + Level 0.1 Armour
 + Level 2.0 Dodging
 + Level 1.0 Stealth


You had 2 spell levels left.
You didn't know any spells.
Your spell library was empty.

Dungeon Overview and Level Annotations

Branches:
Dungeon (2/15)

Altars:

Annotations:
D:2 Sigmund


Message History

You hear some strange, mumbled words.
You are more confused.
Something hits you.
You hit something but do no damage.
You feel less invigorated. Something hits you.
You hear some strange, mumbled words.
You are more confused.
You see here an arrow.
Something hits you.
You hit something. Something hits you.
You hit something.
You hear some strange, mumbled words.
A puff of flame appears from out of thin air!
The puff of flame hits you. Something hits you.
You're too confused to move!
Something hits you.
* * * LOW HITPOINT WARNING * * *
Your leather armour prevents you from hitting something.
Something hits you!
You die...

#.#.# #..# #.#
#.#.###..###.#
#............#
###.###..#####
#.# #..# #
#.###..#####.#
#............#
####.#.......#
#.#(@.....#
#.##{####..#
#.##(# .
#.##(# #.##(#
#.##(# #.....
#.#


There were no monsters in sight!

Vanquished Creatures
  An adder (D:2)
  2 leopard geckos (D:1)
  2 giant cockroaches (D:1)
  3 goblins
  2 hobgoblins (D:1)
  6 jackals (D:1)
  A quokka (D:2)
  2 bats (D:1)
  2 frilled lizards (D:2)
  3 kobolds
  5 rats
29 creatures vanquished.

Notes
Turn   | Place    | Note
-------+----------+-------------------------------------------
     0 | D:1      | Alfie the Human Hunter began the quest for the Orb.
     0 | D:1      | Reached XP level 1. HP: 16/16 MP: 1/1
    79 | D:1      | Reached XP level 2. HP: 22/22 MP: 2/2
   369 | D:1      | Reached XP level 3. HP: 27/27 MP: 3/3
   776 | D:2      | Noticed Sigmund
   779 | D:2      | Reached skill level 5 in Bows
   788 | D:2      | HP: 1/27 [something (12)]
   807 | D:2      | Slain by Sigmund

Levels and vault maps discovered:
D:1:      dpeg_arrival_refuge, layout_loops_cross, glass_columns_b,
          chequers_jeans
D:2:      cheibrodos_pilgrimage, layout_loops_ring, minmay_split_cup_large,
          uniq_terence, uniq_jessica, uniq_sigmund

Skill      XL: |  1  2  3 |
---------------+----------+-----
Bows           | 5 |  5.0
Fighting       | |  2.2
Armour         | |  0.1
Dodging        | |  2.0
Stealth        | |  1.0

Action                   || total
-------------------------++-------
Melee: Short sword       ||     7
 Fire: Shortbow          ||    83
  Use: Potion            ||     2
       Scroll            ||     1
Armor: Leather armour    ||     5
Dodge: Dodged            ||    18

Table legend:
 A = Non-vault XP
 B = Vault XP
 C = Vault XP percentage of total XP
 D = Non-vault monster count
 E = Vault monster count
 F = Vault count percentage of total count
                 A         B        C        D         E       F
            +---------+---------+-------+---------+---------+-------
      Total |      60 |       0 |   0.0 |      29 |       0 |   0.0
            +---------+---------+-------+---------+---------+-------
        D:1 |      38 |       0 |   0.0 |      21 |       0 |   0.0
        D:2 |      22 |       0 |   0.0 |       8 |       0 |   0.0
            +---------+---------+-------+---------+---------+-------
